 Dungeon Crawl Stone Soup version 0.19.0-11-g3fc08b3 (webtiles) character file.

37828 MTVSty1e the Fighter (level 14, 0/130 HPs)
             Began as a Formicid Fighter on Nov 8, 2016.
             Was an Elder of the Shining One.
             Slain by a death yak (15 damage)
             ... on level 5 of the Lair of Beasts.
             The game lasted 00:36:33 (18225 turns).

MTVSty1e the Fighter (Formicid Fighter)            Turns: 18225, Time: 00:36:33

Health: 0/130      AC: 20    Str: 28    XL:     14   Next: 31%
Magic:  14/23      EV: 13    Int:  8    God:    the Shining One [****..]
Gold:   1085       SH: 13    Dex: 14    Spells: 0 memorised, 13 levels left

rFire  . . .     SeeInvis +     B - +3 war axe (flame)
rCold  . . .     Gourm    +     o - +1 plate armour
rNeg   + + .     Faith    .     c - +0 shield
rPois  .         Spirit   .     (helmet unavailable)
rElec  .         Reflect  .     (no cloak)
rCorr  .         Harm     .     (no gloves)
MR     +....                    b - +2 pair of boots
Stlth  ..........               h - amulet of the gourmand
                                t - +1 ring of evasion
                                w - +4 ring of dexterity

@: glowing
A: permanent stasis, dig shafts and tunnels, four strong arms, antennae 3,
yellow scales 1, robust 1, strong 1, evolution 1, no device heal 1
a: Dig, Shaft Self, Divine Shield, Cleansing Flame, Renounce Religion


You were on level 5 of the Lair of Beasts.
You worshipped the Shining One.
The Shining One was greatly pleased with you.
You were not hungry.

You visited 3 branches of the dungeon, and saw 17 of its levels.
You also visited: Labyrinth.

You collected 1085 gold pieces.

Inventory:

Hand Weapons
 y - the +2 trident of the Ancients {elec, Int+2}
   (You found it on level 8 of the Dungeon)

   Occasionally, upon striking a foe, it will discharge some electrical energy
   and cause terrible harm.
   It affects your intelligence (+2).
 B - a +3 war axe of flaming (weapon)
Armour
 b - a +2 pair of boots (worn)
 c - a +0 shield (worn)
 o - a +1 plate armour (worn)
Jewellery
 e - an uncursed ring of ice
 h - an amulet of the gourmand (around neck)
 l - an uncursed ring of magical power
 t - a +1 ring of evasion (right hand)
 v - an uncursed ring of fire
 w - a +4 ring of dexterity (left hand)
 O - a +5 ring of intelligence
Wands
 p - a wand of flame (48/48)
 s - a wand of iceblast (11/15)
 x - a wand of acid (6/15)
 D - a wand of lightning (8/15)
 I - a wand of paralysis (13/24)
 K - a wand of confusion (17/48)
 N - a wand of disintegration (12/24)
Scrolls
 k - 2 scrolls of fear
 m - 9 scrolls of remove curse
 q - 5 scrolls of amnesia
 r - 10 scrolls of identify
 U - a scroll of fog
Potions
 a - 2 potions of ambrosia
 f - 2 potions of magic
 g - 2 potions of brilliance
 j - 5 potions of flight
 n - 2 potions of curing
 u - 2 potions of lignification
 A - 2 potions of cancellation
 P - 2 potions of agility
 R - a potion of resistance
Books
 C - a book of Unlife

   Spells                             Type                      Level
   a - Recall                         Summoning/Translocation      3
   b - Animate Dead                   Necromancy                   4
   c - Control Undead                 Necromancy                   4
   d - Cigotuvi's Embrace             Necromancy                   5
   e - Death Channel                  Necromancy                   6
   f - Simulacrum                     Ice/Necromancy               6
Miscellaneous
 z - 2 phantom mirrors
 T - a sack of spiders
Comestibles
 d - 28 fruits
 i - 6 bread rations
 H - 2 beef jerkies
 S - 3 slices of pizza


   Skills:
 * Level 13.7 Fighting
 + Level 9.3 Axes
 + Level 9.9 Armour
 + Level 7.8 Dodging
 + Level 11.1 Shields
 * Level 12.2 Invocations


You had 13 spell levels left.
You didn't know any spells.

Dungeon Overview and Level Annotations

Branches:
Dungeon (10/15)            Temple (1/1) D:4            Lair (6/6) D:9
 Shoals (0/4) Lair:3       Spider (0/4) Lair:2          Orc (0/2) D:9
  Slime: Lair:5-6

Altars:
Ashenzari
Cheibriados
Dithmenos
Elyvilon
Fedhas
Gozag
Hepliaklqana
Makhleb
Nemelex Xobeh
Okawaru
Qazlal
Ru
Sif Muna
Trog
Uskayaw
Vehumet
Xom
Yredelemnul
Zin
The Shining One

Shops:
D:8 %


Innate Abilities, Weirdness & Mutations

You are under a permanent stasis effect.
You can dig through walls and to a lower floor.
Your four strong arms can wield two-handed weapons with a shield.
You have a pair of large antennae on your head. (SInv)
You are partially covered in yellow scales. (AC +2)
You are robust. (+10% HP)
Your muscles are strong. (Str +2)
You evolve.
Potions and wands are less effective at restoring your health.


Message History

You block the death yak's attack.
You hit the death yak but do no damage.
The death yak is heavily wounded.
You block the death yak's attack.
You hit the death yak but do no damage.
The death yak is heavily wounded.
The death yak gores you but does no damage.
You hit the death yak. You burn the death yak.
The death yak is heavily wounded.
You block the death yak's attack.
You hit the death yak. You burn the death yak.
The death yak is severely wounded.
The death yak closely misses you.
You hit the death yak. You burn the death yak.
The death yak is severely wounded.
The death yak barely misses you.
You slice the death yak!! You burn the death yak!
The death yak is almost dead.
The death yak gores you!
You die...

#..##...###.##.#......
#..##.#.#.#######.....
#..#.......######.....
####.......#####.##......
##..P.#.....##............
#...................#...##
#..P###P....P##P....>^.###
##..###.......##.#...P####
#..P##.#.@†.P.##.#.#####.#
##.P####Y†..#.............
#.PP###.....#......PP#P.##
#.PP##.............#######
#..P#..#......P.....##
##........P.....###...##
#............P....P<...#
#P.....^..............P#
#P.......P.P...........##


You could see a death yak.

Vanquished Creatures
  A minotaur (Lab)
  Josephine (D:10)
  2 hydras
  3 death yaks
  A deep troll (D:10)
  A hill giant (D:10)
  Joseph (D:7)
  A manticore (Lair:3)
  4 elephants (Lair:6)
  4 black mambas
  A gargoyle (D:10)
  6 spiny frogs
  5 komodo dragons
  A demonic crawler (Lair:2)
  A two-headed ogre (D:10)
  4 trolls
  2 hornets
  20 blink frogs
  6 dream sheep (Lair:6)
  8 hippogriffs
  Sigmund (D:3)
  A spriggan (D:7)
  A vampire (D:10)
  2 basilisks
  3 wraiths (D:10)
  41 yaks
  A steam dragon (Lair:4)
  3 hungry ghosts
  Menkaure (D:5)
  7 water moccasins
  2 hell hounds (D:9)
  12 porcupines
  5 orc warriors
  2 ice beasts
  2 sky beasts
  3 black bears
  2 necrophages
  3 ogres
  4 wolves (Lair:2)
  4 phantoms
  3 centaurs
  10 crocodiles
  A big kobold (D:9)
  A gnoll sergeant (D:7)
  10 bullfrogs
  A water moccasin zombie (D:8)
  4 scorpions
  A wyvern skeleton (D:6)
  A water moccasin skeleton (D:5)
  2 jellies
  27 killer bees
  2 howler monkeys
  2 electric eels (D:10)
  A centaur zombie (D:9)
  2 crimson imps
  5 hounds
  9 orc wizards
  7 orc priests
  2 centaur skeletons
  2 bullfrog skeletons
  Terence (D:2)
  4 iguanas
  9 worker ants
  3 killer bee zombies
  2 hound zombies (D:6)
  2 hound skeletons
  A howler monkey zombie (D:8)
  A worker ant zombie (D:7)
  Robin (D:4)
  14 adders
  11 gnolls
  A river rat (Lair:6)
  4 shadow imps
  An ooze (D:5)
  An adder skeleton (D:4)
  4 worms
  6 leopard geckos
  34 orcs
  12 bats
  5 giant cockroaches
  2 gnoll zombies (D:5)
  12 goblins
  3 hobgoblins
  7 jackals
  3 quokkas
  A ball python (D:3)
  A ball python skeleton (D:4)
  A ball python zombie (D:5)
  5 frilled lizards
  13 kobolds
  A quokka skeleton (D:8)
  A quokka zombie (D:6)
  4 rats
  3 fungi
  2 plants
442 creatures vanquished.

Vanquished Creatures (collateral kills)
  A death yak (Lair:6)
1 creature vanquished.

Vanquished Creatures (others)
  An orc (D:10)
  10 fungi
  A plant (Lair:6)
12 creatures vanquished.

Grand Total: 455 creatures vanquished

Notes
Turn   | Place    | Note
-------+----------+-------------------------------------------
     0 | D:1      | MTVSty1e the Formicid Fighter began the quest for the Orb.
     0 | D:1      | Reached XP level 1. HP: 18/18 MP: 1/1
   151 | D:1      | Reached XP level 2. HP: 15/24 MP: 2/2
   605 | D:2      | Reached XP level 3. HP: 4/29 MP: 3/3
   617 | D:2      | HP: 1/29 [poisoned by an adder]
   963 | D:2      | Found a hazy altar of Hepliaklqana.
  1001 | D:2      | Found a snail-covered altar of Cheibriados.
  1008 | D:2      | Found a burning altar of Makhleb.
  1021 | D:2      | Reached skill level 1 in Dodging
  1021 | D:2      | Reached XP level 4. HP: 6/37 MP: 4/4
  1431 | D:2      | Noticed Terence
  1439 | D:2      | Killed Terence
  1439 | D:2      | Reached skill level 4 in Fighting
  1470 | D:2      | Reached XP level 5. HP: 27/42 MP: 5/5
  2084 | D:3      | Reached XP level 6. HP: 46/49 MP: 6/6
  2254 | D:3      | Noticed Sigmund
  2274 | D:3      | Killed Sigmund
  2274 | D:3      | Reached skill level 5 in Fighting
  2274 | D:3      | Reached skill level 5 in Shields
  2274 | D:3      | Reached XP level 7. HP: 28/56 MP: 7/7
  2483 | D:4      | Found a staircase to the Ecumenical Temple.
  2572 | Temple   | Entered the Ecumenical Temple
  2587 | Temple   | Became a worshipper of the Shining One
  2663 | D:4      | Found a white marble altar of Elyvilon.
  2863 | D:4      | Noticed Robin
  2877 | D:4      | Killed Robin
  3168 | D:5      | Entered Level 5 of the Dungeon
  3282 | D:5      | Reached XP level 8. HP: 36/64 MP: 8/8
  3290 | D:5      | Reached skill level 6 in Fighting
  3290 | D:5      | Reached skill level 5 in Armour
  3365 | D:5      | Reached * piety under the Shining One
  3934 | D:5      | Noticed Menkaure
  3943 | D:5      | Killed Menkaure
  3943 | D:5      | Reached skill level 7 in Fighting
  4020 | D:5      | Reached XP level 9. HP: 35/72 MP: 9/9
  4200 | D:5      | Found a sacrificial altar of Ru.
  4413 | D:5      | Found a basalt altar of Yredelemnul.
  4569 | D:6      | Reached skill level 5 in Axes
  4578 | D:6      | Reached ** piety under the Shining One
  4871 | D:6      | Reached skill level 8 in Fighting
  5199 | D:7      | HP: 5/112 [poisoned by a killer bee]
  5695 | D:7      | Noticed Joseph
  5925 | D:7      | Reached XP level 10. HP: 63/82 MP: 10/10
  5951 | D:7      | Reached skill level 1 in Invocations
  5963 | D:7      | Killed Joseph
  5963 | D:7      | Reached skill level 9 in Fighting
  6270 | D:7      | Found a radiant altar of Vehumet.
  6733 | D:8      | Reached skill level 5 in Dodging
  6754 | D:8      | Found Taklaet's Food Emporium.
  6770 | D:8      | Reached *** piety under the Shining One
  7312 | D:8      | Noticed a dagger
  7312 | D:8      | Noticed a hand axe
  7326 | D:8      | Found a hide-covered altar of Uskayaw.
  7622 | D:8      | Reached skill level 5 in Invocations
  7631 | D:8      | Got a jewelled trident
  7632 | D:8      | Identified the +2 trident of the Ancients {elec, Int+2} (You found it on level 8 of the Dungeon)
  7811 | D:8      | Reached XP level 11. HP: 34/90 MP: 14/14
  8136 | D:9      | Found a staircase to the Orcish Mines.
  8163 | D:9      | Reached skill level 10 in Fighting
  8420 | D:9      | Gained mutation: You evolve. [potion of mutation]
  8420 | D:9      | Gained mutation: You are robust. (+10% HP) [potion of mutation]
  8668 | D:9      | Found a staircase to the Lair.
  8693 | D:9      | Reached **** piety under the Shining One
  9389 | D:9      | Gained mutation: Potions and wands are less effective at restoring your health. [evolution]
  9558 | D:10     | Entered Level 10 of the Dungeon
  9998 | D:10     | Noticed a hill giant
 10010 | D:10     | Killed a hill giant
 10261 | D:10     | Noticed Josephine
 10654 | D:10     | Reached skill level 11 in Fighting
 10675 | D:10     | Killed Josephine
 10675 | D:10     | Reached XP level 12. HP: 87/110 MP: 7/17
 10693 | D:10     | Noticed a deep troll
 11061 | D:10     | Killed a deep troll
 11085 | D:10     | Noticed an iron troll
 11417 | Lair:1   | Entered Level 1 of the Lair of Beasts
 12224 | Lair:1   | Reached skill level 10 in Shields
 12649 | Lair:2   | Reached skill level 12 in Fighting
 12670 | Lair:2   | Gained mutation: Your muscles are strong. (Str +2) [evolution]
 13167 | Lair:2   | Reached XP level 13. HP: 73/119 MP: 20/20
 13350 | Lair:2   | Noticed an eight-headed hydra
 13362 | Lair:2   | Killed a one-headed hydra
 13362 | Lair:2   | Reached skill level 10 in Invocations
 13383 | Lair:2   | Found a hole to the Spider Nest.
 14217 | Lair:3   | Found a labyrinth entrance.
 14268 | Lab      | Entered a labyrinth
 14560 | Lab      | Noticed a minotaur
 14572 | Lab      | Killed a minotaur
 14827 | Lab      | Identified the Grimoire of the Stork
 14827 | Lab      | Identified the Reference Book on Venomous Evil Rites
 14947 | Lair:3   | Found a staircase to the Shoals.
 15602 | Lair:4   | Reached skill level 13 in Fighting
 15847 | Lair:4   | Reached ***** piety under the Shining One
 16033 | Lair:4   | Gained mutation: You are partially covered in yellow scales. (AC +2) [evolution]
 16165 | Lair:4   | Identified a scroll of acquirement
 16166 | Lair:4   | Got a fine cloak
 16172 | Lair:4   | Identified the -5 cloak of the Midnight Sun {+Blink rN+ Int-3} (You acquired it on level 4 of the Lair of Beasts)
 17608 | Lair:6   | Entered Level 6 of the Lair of Beasts
 17616 | Lair:6   | Reached XP level 14. HP: 115/129 MP: 22/22
 18225 | Lair:5   | Slain by a death yak

Skill      XL: |  1  2  3  4  5  6  7  8  9 10 11 12 13 14 |
---------------+-------------------------------------------+-----
Shields        | 4 5 6 7 8 9 10 11 | 11.1
Dodging        | 1 2 3 4 5 6 7 |  7.8
Fighting       | 4 5 7 8 9 11 12 13 | 13.7
Armour         | 4 5 6 7 8 9 |  9.9
Axes           | 3 4 5 6 7 8 9 |  9.3
Invocations    | 5 7 9 11 12 | 12.2

Action                   |  1- 3 |  4- 6 |  7- 9 | 10-12 | 13-15 || total
-------------------------+-------+-------+-------+-------+-------++-------
Melee: War axe           |    71 |    64 |   129 |   358 |   280 ||   902
       Hand axe          |       |    48 |   201 |       |       ||   249
       Trident           |       |       |       |   197 |       ||   197
Invok: Cleansing Flame   |       |       |       |     3 |     2 ||     5
       Divine Shield     |       |       |       |     1 |       ||     1
       Summon Divine War |       |       |       |       |     1 ||     1
 Abil: Dig               |       |       |       |     1 |       ||     1
  Use: Potion            |     5 |     2 |     5 |     3 |     2 ||    17
       Scroll            |     2 |     1 |     6 |     4 |     6 ||    19
 Stab: Distracted        |       |     1 |       |       |       ||     1
  Eat: Beef jerky        |       |     1 |       |     1 |     1 ||     3
       Bread ration      |       |     1 |     1 |     4 |     1 ||     7
       Meat ration       |       |       |     3 |     1 |     2 ||     6
       Pizza             |       |       |       |     3 |       ||     3
Armor: Scale mail        |     8 |       |       |       |       ||     8
       Plate armour      |    33 |    76 |   141 |   264 |   174 ||   688
Dodge: Dodged            |    24 |    32 |    99 |   245 |   183 ||   583
Block: Shield            |    49 |    84 |   176 |   414 |   255 ||   978
